 Dungeon Crawl Stone Soup version 0.22.1-1-ga44c0e5 (webtiles) character file.

891 Lauz the Cleaver (level 7, 0/88 (93) HPs)
             Began as a Minotaur Berserker on Oct 30, 2018.
             Was an Elder of Trog.
             Slain by an orc warrior
             ... wielding a cursed +0 short sword
              (13 damage)
             ... on level 4 of the Dungeon.
             The game lasted 00:12:55 (4755 turns).

Lauz the Cleaver (Minotaur Berserker)               Turns: 4755, Time: 00:12:56

HP:   0/88 (93)     AC:  5    Str: 28    XL:     7   Next: 78%
MP:   6/6           EV: 11    Int:  4    God:    Trog [****..]
Gold: 403           SH:  0    Dex: 10    Spells: 6/6 levels left

rFire    . . .     SeeInvis .   a - +1 hand axe
rCold    . . .     Gourm    .   (no shield)
rNeg     . . .     Faith    .   j - +0 ring mail
rPois    .         Spirit   .   (helmet restricted)
rElec    .         Reflect  .   (no cloak)
rCorr    .         Harm     .   (no gloves)
MR       .....                  (no boots)
Stlth    ..........             u - amulet of magic regeneration
HPRegen  0.24/turn              l - ring of stealth
MPRegen  0.35/turn              (no ring)

@: berserking, drained, very quick
A: retaliatory headbutt, horns 2
a: Berserk, Trog's Hand, Brothers in Arms, Renounce Religion


You were on level 4 of the Dungeon.
You worshipped Trog.
Trog was greatly pleased with you.
You were near starving.

You visited 1 branch of the dungeon, and saw 5 of its levels.
You also visited: Ossuary.

You collected 403 gold pieces.

Inventory:

Hand Weapons
 a - a +1 hand axe (weapon)
Armour
 j - a +0 ring mail (worn)
 p - a +0 robe
Jewellery
 l - a ring of stealth (left hand)
 u - an amulet of magic regeneration (around neck)
Wands
 g - a wand of paralysis (12)
 s - a wand of random effects (20)
 y - a wand of enslavement (13)
Scrolls
 d - 3 scrolls of teleportation
 h - 5 scrolls of identify
 m - a scroll of fog {unknown}
 o - a scroll of blinking {unknown}
 q - 2 scrolls of magic mapping {unknown}
Potions
 b - 2 potions of heal wounds {unknown}
 e - 2 potions of ambrosia {unknown}
 f - 2 potions of degeneration {unknown}
 i - a potion of lignification {unknown}
 k - 2 potions of haste {unknown}
 n - 4 potions of curing {unknown}
 r - 2 potions of flight {unknown}
 v - 2 potions of cancellation {unknown}
 w - a potion of magic {unknown}
 x - a potion of might {unknown}
Comestibles
 c - 6 rations


   Skills:
 + Level 5.7(5.6) Fighting
 * Level 10.1(9.9) Axes
 - Level 2.4(2.2) Armour
 - Level 2.1(2.0) Dodging
 - Level 1.0(0.8) Stealth
 + Level 0.2(0.1) Evocations


You had 6 spell levels left.
You didn't know any spells.
Your spell library was empty.

Dungeon Overview and Level Annotations

Branches:
Dungeon (5/15)
 Temple: D:4-7

Altars:
Dithmenos
Gozag
Yredelemnul


Innate Abilities, Weirdness & Mutations

You reflexively headbutt those who attack you in melee.
You have a pair of horns on your head.


Message History

You hit the orc warrior but do no damage.
Your headbutt misses the orc warrior.
The orc warrior is moderately wounded.
You closely miss the orc warrior.
The orc warrior is moderately wounded.
The orc warrior barely misses you. You furiously retaliate!
You headbutt the orc warrior.
You hit the orc warrior but do no damage.
The orc warrior is moderately wounded.
The orc warrior hits you with a short sword.
* * * LOW HITPOINT WARNING * * *
You hit the orc warrior but do no damage.
The orc warrior is moderately wounded.
The orc warrior hits you with a short sword!
* * * LOW HITPOINT WARNING * * *
A red film seems to cover your vision as you go berserk!
You feel yourself moving faster!
You feel mighty!
You are near starving!
The orc warrior hits you with a short sword!
You die...

...................#.#.#.#
......#.....########.....#
.........#### #.....#
.........# #.#.#.#
.........# #.....#
####.....# #.....#
........## #.#.#.#
#####.#.############.....#
.......†.......o@..#.....#
.################.##.#.#.#
..#.......# #.##.....#
..#.#####.#######.##.....#
..#.# #.........##.#.#.#
..#.# ############(....#
..#.# #.....# ..#.#
#.#.#.# ....# #.....#


You could see an orc warrior.

Vanquished Creatures
  Eustachio (D:5)
  A necrophage (D:3)
  A centaur (D:5)
  A howler monkey (D:4)
  2 orc priests (D:4)
  2 iguanas (D:4)
  Ijyb (D:4)
  Natasha (twice) (D:4)
  A worker ant (D:5)
  9 mummies
  Robin (D:4)
  8 adders
  A shadow imp (D:5)
  An ooze (D:5)
  A worm (D:2)
  3 dart slugs
  2 leopard geckos
  8 orcs
  3 ball pythons
  7 bats
  9 giant cockroaches
  10 goblins (D:4)
  15 hobgoblins
  9 jackals
  2 quokkas
  4 frilled lizards
  A gnoll zombie (Ossuary)
  5 hobgoblin zombies
  4 kobolds
  4 kobold zombies
  6 rats
125 creatures vanquished.

Vanquished Creatures (collateral kills)
  An orc priest (D:4)
1 creature vanquished.

Grand Total: 126 creatures vanquished

Notes
Turn   | Place    | Note
-------+----------+-------------------------------------------
     0 | D:1      | Lauz the Minotaur Berserker began the quest for the Orb.
     0 | D:1      | Reached XP level 1. HP: 19/19 MP: 0/0
    59 | D:1      | Reached skill level 4 in Axes
    73 | D:1      | Reached XP level 2. HP: 22/27 MP: 1/1
   494 | D:2      | Reached ** piety under Trog
   581 | D:2      | Reached XP level 3. HP: 25/33 MP: 2/2
  1097 | D:2      | Reached skill level 5 in Axes
  1531 | D:3      | Reached XP level 4. HP: 40/41 MP: 3/3
  1613 | D:3      | Found an opulent altar of Gozag.
  1686 | D:3      | Found a shadowy altar of Dithmenos.
  1687 | D:3      | Found a basalt altar of Yredelemnul.
  1853 | D:3      | Noticed a necrophage
  1867 | D:3      | Killed a necrophage
  1867 | D:3      | Reached skill level 6 in Axes
  1867 | D:3      | Reached XP level 5. HP: 22/44 MP: 4/4
  2288 | D:3      | Found a shadowy altar of Dithmenos.
  2563 | D:4      | Reached skill level 7 in Axes
  2584 | D:4      | Found a sand-covered staircase.
  2588 | Ossuary  | Entered an ossuary
  2619 | Ossuary  | Reached *** piety under Trog
  2623 | Ossuary  | Reached skill level 1 in Stealth
  2623 | Ossuary  | Reached XP level 6. HP: 52/52 MP: 5/5
  2745 | Ossuary  | Reached skill level 5 in Fighting
  3070 | D:4      | Noticed Robin
  3079 | D:4      | Killed Robin
  3081 | D:4      | Reached skill level 8 in Axes
  3586 | D:4      | Found a transporter.
  3597 | D:4      | Reached XP level 7. HP: 26/58 MP: 6/6
  3600 | D:4      | Reached **** piety under Trog
  3850 | D:4      | Found a transporter.
  4121 | D:4      | Noticed Ijyb
  4123 | D:4      | Noticed Natasha
  4125 | D:4      | Paralysed by Ijyb for 5 turns
  4134 | D:4      | Paralysed by Ijyb for 6 turns
  4141 | D:4      | Killed Ijyb
  4141 | D:4      | Reached skill level 9 in Axes
  4148 | D:4      | Killed Natasha
  4448 | D:4      | Noticed Natasha
  4454 | D:4      | Killed Natasha
  4612 | D:5      | Entered Level 5 of the Dungeon
  4612 | D:5      | Noticed Eustachio
  4636 | D:5      | Killed Eustachio
  4636 | D:5      | Reached skill level 10 in Axes
  4755 | D:4      | Slain by an orc warrior

Skill      XL: |  1  2  3  4  5  6  7 |
---------------+----------------------+-----
Axes           | 4 5 6 7 8 10 | 10.1
Fighting       | 4 5 |  5.7
Stealth        | 1 |  1.0
Armour         | |  2.4
Dodging        | |  2.1
Evocations     | |  0.2

Action                   |  1- 3 |  4- 6 |  7- 9 || total
-------------------------+-------+-------+-------++-------
Melee: Hand axe          |   101 |   137 |    53 ||   291
       Headbutt          |    10 |    18 |    12 ||    40
Invok: Berserk           |       |     3 |     1 ||     4
Evoke: Wand              |       |       |     4 ||     4
  Use: Scroll            |       |     4 |     5 ||     9
 Stab: Distracted        |       |     1 |       ||     1
       Sleeping          |       |     1 |     1 ||     2
  Eat: Ration            |     1 |     1 |     1 ||     3
       Chunk             |       |     4 |       ||     4
Armor: Animal skin       |    16 |       |       ||    16
       Robe              |     3 |    19 |     3 ||    25
       Ring mail         |       |       |    10 ||    10
Dodge: Dodged            |    69 |    75 |    20 ||   164
